 Dungeon Crawl Stone Soup version 0.20-a0-823-gdec668e (webtiles) character file.

34 pisechka the Firebug (level 3, 0/28 HPs)
             Began as a Deep Elf Fire Elementalist on Mar 5, 2017.
             Slain by a frilled lizard (1 damage)
             ... on level 2 of the Dungeon.
             The game lasted 00:06:41 (1210 turns).

pisechka the Firebug (Deep Elf Fire Elementalist)   Turns: 1210, Time: 00:06:41

Health: 0/28       AC: 21    Str:  5    XL:     3   Next: 14%
Magic:  10/10      EV:  2    Int: 20    God:
Gold:   28         SH:  0    Dex: 15    Spells: 8/9 levels left

rFire    . . .     SeeInvis .   (no weapon)
rCold    . . .     Gourm    .   (armour currently unavailable)
rNeg     + + +     Faith    .   (no shield)
rPois    +         Spirit   .   (helmet currently unavailable)
rElec    .         Reflect  .   (cloak currently unavailable)
rCorr    .         Harm     .   (gloves currently unavailable)
MR       .....     NoTele   +   (boots currently unavailable)
Stlth    ++........             (no amulet)
Regen    0.1/turn               (no ring)
MPRegen  0.2/turn               (no ring)

@: tree-form
A: no striking features
a: no special abilities


You were on level 2 of the Dungeon.
You were not hungry.
You were a tree.
You visited 1 branch of the dungeon, and saw 2 of its levels.

You collected 28 gold pieces.

Inventory:

Armour
 a - a +0 robe (melded)
Jewellery
 e - an uncursed ring of protection from cold {unknown}
Potions
 g - a potion of curing {unknown}
 j - a potion of heal wounds {unknown}
 k - a potion of mutation {unknown}
Books
 b - a book of Flames

   Spells                             Type                      Level
   a - Flame Tongue                   Conjuration/Fire             1
   b - Throw Flame                    Conjuration/Fire             2
   c - Conjure Flame                  Conjuration/Fire             3
   d - Inner Flame                    Hexes/Fire                   3
   e - Sticky Flame                   Conjuration/Fire             4
   f - Fireball                       Conjuration/Fire             5


   Skills:
 - Level 2.4 Dodging
 - Level 2.4 Stealth
 + Level 3.6 Spellcasting
 + Level 2.1 Conjurations
 + Level 3.8 Fire Magic


You had 8 spell levels left.
You knew the following spells:

 Your Spells              Type           Power        Failure   Level  Hunger
a - Flame Tongue          Conj/Fire      ###..        4%          1    None


Dungeon Overview and Level Annotations

Branches:
Dungeon (2/15)

Altars:


Message History

The adder bites you but does no damage.
The frilled lizard bites you but does no damage.
You smack the adder!
The adder is severely wounded.
The bat hits you but does no damage. The adder bites you.
* * * LOW HITPOINT WARNING * * *
The frilled lizard bites you but does no damage.
You hit the adder but do no damage.
The adder is severely wounded.
The bat hits you but does no damage. The adder barely misses you.
The frilled lizard bites you but does no damage.
The adder bites you but does no damage.
You hit the adder.
You kill the adder!
You have reached level 3!
Your experience leads to an increase in your attributes!
Increase (S)trength, (I)ntelligence, or (D)exterity?
You feel clever.
The bat hits you but does no damage. x2; The frilled lizard bites you.
You die...

#h..###........
..####.......!.....
####...............
#!$................
....##.....!.......
.######.............
.h.........$........
.#####..#..l†......#
...........b♣†..%..#
.######.##########..
###


You could see a bat and a frilled lizard.

Vanquished Creatures
  An adder (D:2)
  A worm (D:1)
  A dart slug (D:1)
  A giant cockroach (D:1)
  A hobgoblin (D:1)
  5 jackals (D:2)
  A kobold (D:1)
  A ball python (D:1)
  A frilled lizard (D:1)
  2 goblins (D:1)
  6 rats
21 creatures vanquished.

Notes
Turn   | Place    | Note
-------+----------+-------------------------------------------
     0 | D:1      | pisechka the Deep Elf Fire Elementalist began the quest for the Orb.
     0 | D:1      | Reached XP level 1. HP: 10/10 MP: 6/6
   864 | D:1      | Reached XP level 2. HP: 15/15 MP: 2/8
  1208 | D:2      | HP: 1/22 [adder (2)]
  1210 | D:2      | Reached XP level 3. HP: 1/19 MP: 10/10
  1210 | D:2      | Slain by a frilled lizard

Vault maps used:
D:1:      minmay_arrival_nine_rooms, serial_corexii_hall,
          corexii_hall_statues_x, corexii_hall_statues_i, minmay_misc_feat_five,
          minmay_misc_feat_alley, minmay_pentomino_q2

Skill      XL: |  1  2 |
---------------+-------+-----
Conjurations   | 2 |  2.1
Dodging        | |  2.4
Stealth        | |  2.4
Spellcasting   | |  3.6
Fire Magic     | |  3.8

Action                   || total
-------------------------++-------
Melee: Unarmed           ||    25
 Cast: Flame Tongue      ||    21
  Use: Scroll            ||     2
       Potion            ||     1
  Eat: Bread ration      ||     1
Armor: Skin              ||   106
       Robe              ||     4
Dodge: Dodged            ||    31
